TOP OF THE 1ST |
Springfield Stars batting - Pitching for Jersey Shore D-Bags : RHP Stephen Puckett
|
Pitching: RHP Stephen Puckett
|
|
Batting: RHB Norberto Taváres
|
0-0: Foul Ball, location: 2F 0-1: Foul Ball, location: 2F 0-2: Fly out, F8 (Flyball, 8LD)
|
Batting: LHB Jesús Tobías
|
0-0: Ball 1-0: DOUBLE (Line Drive, 89D)
|
Batting: LHB Derek Davidson
|
0-0: Ball 1-0: Called Strike 1-1: Swinging Strike 1-2: Fly out, F5 (Popup, 5)
|
Batting: LHB Felipe Guerrero
|
0-0: Foul Ball, location: 2F 0-1: Swinging Strike 0-2: Ball 1-2: Ground out 5-3 (Groundball, 56)
|
Top of the 1st over - 0 runs, 1 hit, 0 errors, 1 left on base; Springfield 0 - Jersey Shore 0 |
BOTTOM OF THE 1ST |
Jersey Shore D-Bags batting - Pitching for Springfield Stars : RHP Claudio Martínez
|
Pitching: RHP Claudio Martínez
|
|
Batting: RHB José Pinto
|
0-0: Ball 1-0: Swinging Strike 1-1: Ball 2-1: Swinging Strike 2-2: Strikes out swinging
|
Batting: LHB José Delgado
|
0-0: Called Strike 0-1: Ball 1-1: Ball 2-1: Foul Ball, location: 2F 2-2: Strikes out looking
|
Batting: LHB Dave Dodd
|
0-0: Ball 1-0: Ground out 5-3 (Groundball, 56)
|
Bottom of the 1st over - 0 runs, 0 hits, 0 errors, 0 left on base; Springfield 0 - Jersey Shore 0 |
TOP OF THE 2ND |
Springfield Stars batting - Pitching for Jersey Shore D-Bags : RHP Stephen Puckett
|
Batting: LHB Elliott Newell
|
0-0: Foul Ball, location: 2F 0-1: Ball 1-1: Called Strike 1-2: SINGLE (Line Drive, 34D)
|
Batting: LHB Mike Pearson
|
0-0: Fielders Choice at 2nd, 4-6 (Groundball, 4)
|
Batting: RHB Calvin Bennett
|
0-0: TRIPLE (Flyball, 9D) Mike Pearson scores
|
Batting: RHB Juan Carlos Rodríguez
|
0-0: Foul Ball, location: 2F 0-1: Swinging Strike 0-2: Ball 1-2: Foul Ball, location: 2F 1-2: Foul Ball, location: 2F 1-2: Ball 2-2: Strikes out swinging, 2-3 out at first.
|
Batting: SHB António De La Cruz
|
0-0: Called Strike 0-1: Ball 1-1: Ball 2-1: Foul Ball, location: 2F 2-2: Ground out 4-3 (Groundball, 4)
|
Top of the 2nd over - 1 run, 2 hits, 0 errors, 1 left on base; Springfield 1 - Jersey Shore 0 |
BOTTOM OF THE 2ND |
Jersey Shore D-Bags batting - Pitching for Springfield Stars : RHP Claudio Martínez
|
Batting: RHB Miguel Serna
|
0-0: SOLO HOME RUN (Flyball, 7D), Distance : 387 ft
|
Batting: LHB António Cedeño
|
0-0: Ball 1-0: Foul Ball, location: 2F 1-1: Ball 2-1: Ball 3-1: SINGLE (Groundball, 6D)
|
Batting: RHB Ben Morton
|
0-0: Ball 1-0: Foul Ball, location: 2F 1-1: Fly out, F8 (Flyball, 8RS)
|
Batting: LHB Ray Bryant
|
0-0: Ball 1-0: Ball 2-0: Ball 3-0: Base on Balls António Cedeño to second
|
Batting: RHB Francisco Sandoval
|
0-0: SINGLE (Line Drive, 89S) António Cedeño to third Ray Bryant to second
|
Batting: RHB Mike Ingram
|
0-0: Grounds into double play, 4-6-3 (Groundball, 4)
|
Bottom of the 2nd over - 1 run, 3 hits, 0 errors, 2 left on base; Springfield 1 - Jersey Shore 1 |
TOP OF THE 3RD |
Springfield Stars batting - Pitching for Jersey Shore D-Bags : RHP Stephen Puckett
|
Batting: RHB Norberto Taváres
|
0-0: Called Strike 0-1: Ball 1-1: Swinging Strike 1-2: Foul Ball, location: 2F 1-2: Ball 2-2: Strikes out swinging
|
Batting: LHB Jesús Tobías
|
0-0: Swinging Strike 0-1: Ball 1-1: Ball 2-1: Called Strike 2-2: Ground out U3 (Groundball, 34)
|
Batting: LHB Derek Davidson
|
0-0: SINGLE (Groundball, 4) (infield hit)
|
Batting: LHB Felipe Guerrero
|
0-0: Foul Ball, location: 2F 0-1: Foul Ball, location: 2F 0-2: Ball 1-2: Ball 2-2: 2-RUN HOME RUN (Flyball, 8LXD), Distance : 430 ft
|
Batting: LHB Elliott Newell
|
0-0: Fly out, F9 (Flyball, 89XD)
|
Top of the 3rd over - 2 runs, 2 hits, 0 errors, 0 left on base; Springfield 3 - Jersey Shore 1 |
BOTTOM OF THE 3RD |
Jersey Shore D-Bags batting - Pitching for Springfield Stars : RHP Claudio Martínez
|
Batting: RHB José Pinto
|
0-0: Fly out, F7 (Flyball, 78S)
|
Batting: LHB José Delgado
|
0-0: Called Strike 0-1: Ball 1-1: Ball 2-1: SINGLE (Line Drive, 6D)
|
Batting: LHB Dave Dodd
|
0-0: Called Strike 0-1: Fly out, F3 (Popup, 23F)
|
Batting: RHB Miguel Serna
|
0-0: Ball 1-0: Ball 2-0: Ball 3-0: Fly out, F9 (Flyball, 9D)
|
Bottom of the 3rd over - 0 runs, 1 hit, 0 errors, 1 left on base; Springfield 3 - Jersey Shore 1 |
TOP OF THE 4TH |
Springfield Stars batting - Pitching for Jersey Shore D-Bags : RHP Stephen Puckett
|
Batting: LHB Mike Pearson
|
0-0: Called Strike 0-1: Foul Ball, location: 2F 0-2: Ball 1-2: DOUBLE (Line Drive, 3D)
|
Batting: RHB Calvin Bennett
|
0-0: Ground out 5-3 (Groundball, 56)
|
Batting: RHB Juan Carlos Rodríguez
|
0-0: Ball 1-0: Foul Ball, location: 2F 1-1: Called Strike 1-2: Strikes out swinging
|
Batting: SHB António De La Cruz
|
0-0: Called Strike 0-1: Ball 1-1: Ball 2-1: Ball 3-1: Fly out, F5 (Line Drive, 56)
|
Top of the 4th over - 0 runs, 1 hit, 0 errors, 1 left on base; Springfield 3 - Jersey Shore 1 |
BOTTOM OF THE 4TH |
Jersey Shore D-Bags batting - Pitching for Springfield Stars : RHP Claudio Martínez
|
Batting: LHB António Cedeño
|
0-0: Ball 1-0: Swinging Strike 1-1: Ball 2-1: Called Strike 2-2: SOLO HOME RUN (Flyball, 9LD), Distance : 513 ft
|
Batting: RHB Ben Morton
|
0-0: Ground out 4-3 (Groundball, 4S)
|
Batting: LHB Ray Bryant
|
0-0: Ball 1-0: Ball 2-0: Called Strike 2-1: Swinging Strike 2-2: Strikes out swinging
|
Batting: RHB Francisco Sandoval
|
0-0: Ball 1-0: Ball 2-0: Called Strike 2-1: Ball 3-1: Fly out, F9 (Flyball, 9LDF)
|
Bottom of the 4th over - 1 run, 1 hit, 0 errors, 0 left on base; Springfield 3 - Jersey Shore 2 |
TOP OF THE 5TH |
Springfield Stars batting - Pitching for Jersey Shore D-Bags : RHP Stephen Puckett
|
Batting: RHB Norberto Taváres
|
0-0: Ball 1-0: Ball 2-0: Foul Ball, location: 2F 2-1: Foul Ball, location: 2F 2-2: Foul Ball, location: 2F 2-2: Strikes out swinging
|
Batting: LHB Jesús Tobías
|
0-0: Ball 1-0: Ball 2-0: Ball 3-0: Called Strike 3-1: Fly out, F4 (Line Drive, 4)
|
Batting: LHB Derek Davidson
|
0-0: Called Strike 0-1: Ball 1-1: Swinging Strike 1-2: Ball 2-2: Foul Ball, location: 2F 2-2: Ball 3-2: Fly out, F7 (Flyball, 78S)
|
Top of the 5th over - 0 runs, 0 hits, 0 errors, 0 left on base; Springfield 3 - Jersey Shore 2 |
BOTTOM OF THE 5TH |
Jersey Shore D-Bags batting - Pitching for Springfield Stars : RHP Claudio Martínez
|
Batting: RHB Mike Ingram
|
0-0: Ball 1-0: Foul Ball, location: 2F 1-1: SINGLE (Groundball, 6MD)
|
Batting: RHB José Pinto
|
Pickoff Throw to First - Error! E1 Mike Ingram to second 0-0: Ball 1-0: Called Strike 1-1: Ball 2-1: Ball 3-1: Ground out 6-3 (Groundball, 6) Mike Ingram to third
|
Batting: LHB José Delgado
|
0-0: Foul Ball, location: 2F 0-1: Foul Ball, location: 2F 0-2: Ball 1-2: Foul Ball, location: 2F 1-2: Ball 2-2: Fly out, F4 (Line Drive, 4)
|
Batting: LHB Dave Dodd
|
0-0: Foul Ball, location: 2F 0-1: Swinging Strike 0-2: Fly out, F8 (Flyball, 8RM)
|
Bottom of the 5th over - 0 runs, 1 hit, 1 error, 1 left on base; Springfield 3 - Jersey Shore 2 |
TOP OF THE 6TH |
Springfield Stars batting - Pitching for Jersey Shore D-Bags : RHP Stephen Puckett
|
Batting: LHB Felipe Guerrero
|
0-0: Called Strike 0-1: Ball 1-1: Ground out 4-3 (Groundball, 4S)
|
Batting: LHB Elliott Newell
|
0-0: Called Strike 0-1: Ball 1-1: Ball 2-1: Foul Ball, location: 2F 2-2: Strikes out swinging
|
Batting: LHB Mike Pearson
|
0-0: Called Strike 0-1: Ball 1-1: Ball 2-1: Ball 3-1: SINGLE (Groundball, 4MD)
|
Batting: RHB Calvin Bennett
|
0-0: Fly out, F9 (Flyball, 89M)
|
Top of the 6th over - 0 runs, 1 hit, 0 errors, 1 left on base; Springfield 3 - Jersey Shore 2 |
BOTTOM OF THE 6TH |
Jersey Shore D-Bags batting - Pitching for Springfield Stars : RHP Claudio Martínez
|
Batting: RHB Miguel Serna
|
0-0: Called Strike 0-1: Ground out 4-3 (Groundball, 4MD)
|
Batting: LHB António Cedeño
|
0-0: Ball 1-0: Foul Ball, location: 2F 1-1: DOUBLE (Line Drive, 89XD)
|
Batting: RHB Ben Morton
|
0-0: Swinging Strike 0-1: Ground out 4-3 (Groundball, 4) António Cedeño to third
|
Batting: LHB Ray Bryant
|
0-0: Ball 1-0: Ball 2-0: Ball 3-0: Base on Balls
|
Batting: RHB Francisco Sandoval
|
0-0: Ball 1-0: Called Strike 1-1: Called Strike 1-2: Strikes out swinging
|
Bottom of the 6th over - 0 runs, 1 hit, 0 errors, 2 left on base; Springfield 3 - Jersey Shore 2 |
TOP OF THE 7TH |
Springfield Stars batting - Pitching for Jersey Shore D-Bags : RHP Stephen Puckett
|
Batting: RHB Juan Carlos Rodríguez
|
0-0: Fly out, F8 (Flyball, 8RM)
|
Batting: SHB António De La Cruz
|
0-0: Called Strike 0-1: Ground out 5-3 (Groundball, 5S)
|
Batting: RHB Norberto Taváres
|
0-0: Ball 1-0: Ball 2-0: Ball 3-0: Base on Balls
|
Batting: LHB Jesús Tobías
|
0-0: Ball 1-0: Foul Ball, location: 2F 1-1: Ball 2-1: Swinging Strike 2-2: Ball 3-2: Base on Balls Norberto Taváres to second
|
Batting: LHB Derek Davidson
|
0-0: Swinging Strike 0-1: Called Strike 0-2: Ball 1-2: Foul Ball, location: 2F 1-2: Ball 2-2: Foul Ball, location: 2F 2-2: Foul Ball, location: 2F 2-2: SINGLE (Line Drive, 9LS) Norberto Taváres to third Jesús Tobías to second Runner from 3rd tries for Home, SAFE, no throw
|
Pitching: LHP Aaron Gibbs
|
|
Batting: LHB Felipe Guerrero
|
0-0: Ball
|
|
|
|
1-0: Ball 2-0: Ball 3-0: Swinging Strike 3-1: Base on Balls Jesús Tobías to third Derek Davidson to second
|
Batting: LHB Elliott Newell
|
0-0: Called Strike 0-1: SINGLE (Line Drive, 78M) Jesús Tobías scores Derek Davidson to third Felipe Guerrero to second Runner from 3rd tries for Home, SAFE, throw made home
|
Batting: LHB Mike Pearson
|
0-0: Ball 1-0: Foul Ball, location: 2F 1-1: Fielders Choice at 2nd, 6-4 (Groundball, 6)
|
Top of the 7th over - 3 runs, 2 hits, 0 errors, 2 left on base; Springfield 6 - Jersey Shore 2 |
BOTTOM OF THE 7TH |
Jersey Shore D-Bags batting - Pitching for Springfield Stars : RHP Claudio Martínez
|
Pitching: LHP Valentín Reséndez
|
|
Batting: RHB Mike Ingram
|
0-0: Ground out 1-3 (Groundball, 15S)
|
Batting: RHB José Pinto
|
0-0: Foul Ball, location: 2F 0-1: Hit by Pitch
|
Pinch Runner at 1st Tetsunori Ito:
|
|
Batting: LHB José Delgado
|
0-0: Ball 1-0: Called Strike Balk! Tetsunori Ito to second 1-1: Foul Ball, location: 2F 1-2: Ball 2-2: Strikes out swinging
|
Batting: LHB Dave Dodd
|
0-0: Ball 1-0: Ball 2-0: 2-RUN HOME RUN (Flyball, 9D), Distance : 368 ft
|
Batting: RHB Miguel Serna
|
0-0: Called Strike 0-1: Fly out, F9 (Flyball, 9)
|
Bottom of the 7th over - 2 runs, 1 hit, 0 errors, 0 left on base; Springfield 6 - Jersey Shore 4 |
TOP OF THE 8TH |
Springfield Stars batting - Pitching for Jersey Shore D-Bags : LHP Aaron Gibbs
|
Now at SS: Tetsunori Ito
|
|
Batting: RHB Calvin Bennett
|
0-0: SINGLE (Groundball, 4MD)
|
Batting: RHB Juan Carlos Rodríguez
|
0-0: Called Strike 0-1: Ball 1-1: Foul Ball, location: 2F 1-2: SINGLE (Groundball, 34) (infield hit) Calvin Bennett to second
|
Batting: SHB António De La Cruz
|
0-0: Called Strike 0-1: Swinging Strike 0-2: Strikes out swinging
|
Batting: RHB Norberto Taváres
|
0-0: Called Strike 0-1: Called Strike 0-2: Ball 1-2: Strikes out looking
|
Batting: LHB Jesús Tobías
|
0-0: Called Strike 0-1: Swinging Strike 0-2: Foul Ball, location: 2F 0-2: Ball 1-2: Ground out 3-1 (Groundball, 34)
|
Top of the 8th over - 0 runs, 2 hits, 0 errors, 2 left on base; Springfield 6 - Jersey Shore 4 |
BOTTOM OF THE 8TH |
Jersey Shore D-Bags batting - Pitching for Springfield Stars : LHP Valentín Reséndez
|
Batting: LHB António Cedeño
|
0-0: Ball 1-0: Foul Ball, location: 2F 1-1: Called Strike 1-2: Strikes out looking
|
Batting: RHB Ben Morton
|
0-0: Fly out, F7 (Flyball, 78S)
|
Batting: LHB Ray Bryant
|
0-0: Ball 1-0: Ball 2-0: Called Strike 2-1: Swinging Strike 2-2: Ball 3-2: Base on Balls
|
Batting: RHB Francisco Sandoval
|
0-0: Ball 1-0: Foul Ball, location: 2F 1-1: Swinging Strike 1-2: Ground out 4-3 (Groundball, 34)
|
Bottom of the 8th over - 0 runs, 0 hits, 0 errors, 1 left on base; Springfield 6 - Jersey Shore 4 |
TOP OF THE 9TH |
Springfield Stars batting - Pitching for Jersey Shore D-Bags : LHP Aaron Gibbs
|
Batting: LHB Derek Davidson
|
0-0: SINGLE (Groundball, 34S) (infield hit)
|
Pitching: LHP Hyo-chin Kim
|
|
Batting: LHB Felipe Guerrero
|
0-0: Ball 1-0: Foul Ball, location: 2F 1-1: Called Strike 1-2: Foul Ball, location: 2F 1-2: Strikes out looking
|
Batting: LHB Elliott Newell
|
0-0: Called Strike 0-1: Ball 1-1: DOUBLE (Flyball, 8RXD) Derek Davidson to third Runner from 3rd tries for Home, SAFE, no throw
|
Batting: LHB Mike Pearson
|
0-0: Ball 1-0: Ball 2-0: SINGLE (Line Drive, 9S) Elliott Newell to third Runner from 3rd tries for Home, SAFE, no throw
|
Batting: RHB Calvin Bennett
|
0-0: Swinging Strike 0-1: SINGLE (Line Drive, 6M) Mike Pearson to second
|
Batting: RHB Juan Carlos Rodríguez
|
0-0: Called Strike Mike Pearson steals 3rd base 0-1: Fly out, F9 (Flyball, 9LMF) Runner from 3rd tags up, SCORES, no throw
|
Batting: SHB António De La Cruz
|
0-0: Ball 1-0: Foul Ball, location: 2F 1-1: Ball 2-1: Ground out U3 (Groundball, 3S)
|
Top of the 9th over - 3 runs, 4 hits, 0 errors, 1 left on base; Springfield 9 - Jersey Shore 4 |
BOTTOM OF THE 9TH |
Jersey Shore D-Bags batting - Pitching for Springfield Stars : LHP Valentín Reséndez
|
Now at 2B: Dave Henderson
|
|
Now in LF: Gabriel Erwin
|
|
Batting: RHB Mike Ingram
|
0-0: Ball 1-0: Swinging Strike 1-1: Ball 2-1: Fly out, F7 (Flyball, 7)
|
Batting: RHB Tetsunori Ito
|
0-0: Swinging Strike 0-1: Ball 1-1: Called Strike 1-2: Foul Ball, location: 2F 1-2: Foul Ball, location: 2F 1-2: Strikes out swinging
|
Batting: LHB José Delgado
|
0-0: Ball 1-0: DOUBLE (Line Drive, 9LM)
|
Batting: LHB Dave Dodd
|
0-0: Called Strike 0-1: Called Strike 0-2: 2-RUN HOME RUN (Flyball, 9LD), Distance : 431 ft
|
Pitching: LHP Cristián Escobar
|
|
Batting: RHB Miguel Serna
|
0-0: Foul Ball, location: 2F 0-1: Called Strike 0-2: Ball 1-2: Strikes out looking
|
Bottom of the 9th over - 2 runs, 2 hits, 0 errors, 0 left on base; Springfield 9 - Jersey Shore 6 |
|
Saturday, April 7th, 2018 - OOTP Baseball 18.8 Build 76
|
|